 Dungeon Crawl Stone Soup version 0.19.0 (webtiles) character file.

1663 CanadianGator the Sneak (level 9, -1/59 HPs)
             Began as an Octopode Fighter on Nov 22, 2016.
             Was a Believer of Dithmenos.
             Slain by a wyvern (13 damage)
             ... on level 6 of the Dungeon on Nov 23, 2016.
             The game lasted 00:18:24 (5768 turns).

CanadianGator the Sneak (Octopode Fighter)          Turns: 5768, Time: 00:18:25

Health: -1/59      AC:  3    Str: 16    XL:     9   Next: 1%
Magic:  11/11      EV: 14    Int: 12    God:    Dithmenos [**....]
Gold:   208        SH: 10    Dex: 14    Spells: 0 memorised, 13 levels left

rFire  . . .     SeeInvis .       - Unarmed
rCold  . . .     Gourm    .     a - +0 shield
rNeg   + + .     Faith    .     (helmet restricted)
rPois  .         Spirit   .     h - amulet of magic regeneration
rElec  .         Reflect  .     g - ring of stealth
rCorr  .         Harm     .     q - ring of positive energy
MR     .....                    i - ring of positive energy
Stlth  +++++++...               y - ring of wizardry
                                (no ring)
                                (no ring)
                                (no ring)
                                (no ring)

@: wreathed by umbra
A: almost no armour, stealthy swim, amphibious, 8 rings, constrict 8, thin
metallic scales 1, camouflage 1, clever 1, low mp 1, gelatinous body 1
a: Shadow Step, Renounce Religion


You were on level 6 of the Dungeon.
You worshipped Dithmenos.
Dithmenos was pleased with you.
You were hungry.

You visited 1 branch of the dungeon, and saw 6 of its levels.

You collected 348 gold pieces.
You spent 140 gold pieces at shops.

Inventory:

Armour
 a - a +0 shield (worn)
Jewellery
 g - a ring of stealth (left tentacle)
 h - an amulet of magic regeneration (around mantle)
 i - a ring of positive energy (on tentacle)
 q - a ring of positive energy (right tentacle)
 y - a ring of wizardry (on tentacle)
Wands
 s - a wand of digging (18/24)
Scrolls
 e - 2 scrolls of teleportation
 j - 3 scrolls of remove curse
 k - a scroll of fog {unknown}
 r - a scroll of amnesia
 v - a scroll of immolation {unknown}
Potions
 b - a potion of agility
 d - a potion of resistance
 f - 3 potions of flight
 m - a potion of heal wounds
 t - a potion of curing {unknown}
 u - 2 potions of haste
 w - a potion of might
 x - a potion of ambrosia {unknown}
 z - a potion of cure mutation {unknown}
Comestibles
 c - 3 bread rations
 l - 3 fruits
 n - 3 meat rations
 o - a beef jerky
 p - a royal jelly


   Skills:
 + Level 4.5 Fighting
 * Level 5.5 Dodging
 * Level 6.3 Stealth
 * Level 6.0 Shields
 * Level 5.1 Unarmed Combat
 + Level 2.6 Spellcasting
 + Level 2.7 Invocations


You had 13 spell levels left.
You didn't know any spells.

Dungeon Overview and Level Annotations

Branches:
Dungeon (6/15)             Temple (0/1) D:5

Altars:
Ashenzari
Dithmenos
Elyvilon
Ru
Vehumet
Zin

Shops:
D:5 *


Innate Abilities, Weirdness & Mutations

You cannot wear most types of armour.
You are very stealthy in the water. (Stealth+)
You are amphibious.
You can wear up to eight rings at the same time.
You can use your tentacles to constrict eight enemies at once.
Your skin changes colour to match your surroundings (Stealth+).
Your rubbery body absorbs attacks. (AC +1, EV +1)
You are partially covered in thin metallic scales. (AC +2)
Your mind is acute. (Int +2)
Your magical capacity is low. (-10% MP)


Message History

The wyvern is moderately wounded.
The wyvern bites you! The wyvern barely misses you.
You barely miss the wyvern.
The wyvern is moderately wounded.
You block the wyvern's attack.
You closely miss the wyvern.
The wyvern is moderately wounded.
The wyvern closely misses you.
You barely miss the wyvern.
The wyvern is moderately wounded.
The wyvern bites you!
* * * LOW HITPOINT WARNING * * *
You block the wyvern's attack.
You tentacle-slap the wyvern but do no damage.
The wyvern is moderately wounded.
The wyvern closely misses you.
You bludgeon the wyvern!
The wyvern is severely wounded.
The wyvern completely misses you. The wyvern bites you!
You die...

..........#.###.#.............#
.###....#.#.......###.........#
.# #...รท#.#####.#.###.#######.#
.###............#.#.......# #.#
...........####...#.#.###.# #.#
.##.........# #.#.#.#.# #.# #.#
.##.....#.#.# #.#.#.#<###.###.#
.##.....#.#.###..l............#
.##.............@.........###.##
...............................#
##........#.###.#.###.###.######
..........................#
....####..#+#########.##..#
#..## #...........###.##..# ...#
#......)....'...##..# ..##
#......))...###.##..#
#.#####...........# #.##.##


You could see a wyvern.

Vanquished Creatures
  The ghost of CanadianGator the Shield-Bearer, a novice OpFi of Ru (D:5)
  Duvessa (D:4)
  A black bear (D:6)
  2 ogres (D:4)
  2 bullfrogs
  A gnoll sergeant (D:5)
  Dowan (D:4)
  A crimson imp (D:6)
  A bullfrog zombie (D:6)
  A jelly (D:5)
  A bullfrog skeleton (D:5)
  An orc wizard (D:5)
  2 orc priests (D:6)
  3 hounds
  An iguana (D:5)
  4 worker ants
  Terence (D:3)
  A statue (D:4)
  A hound skeleton (D:5)
  2 worker ant zombies (D:5)
  A howler monkey skeleton (D:5)
  14 adders
  3 gnolls (D:5)
  3 shadow imps (D:5)
  2 oozes
  4 worms
  5 leopard geckos
  17 orcs
  6 giant cockroaches
  3 goblins
  6 hobgoblins
  6 jackals
  6 kobolds
  3 quokkas
  A ball python (D:3)
  4 frilled lizards
  A leopard gecko zombie (D:5)
  A quokka skeleton (D:4)
  3 rats (D:1)
118 creatures vanquished.

Notes
Turn   | Place    | Note
-------+----------+-------------------------------------------
     0 | D:1      | CanadianGator the Octopode Fighter began the quest for the Orb.
     0 | D:1      | Reached XP level 1. HP: 16/16 MP: 1/1
   100 | D:1      | Reached XP level 2. HP: 17/21 MP: 2/2
   641 | D:2      | Reached XP level 3. HP: 21/26 MP: 3/3
   767 | D:2      | Reached skill level 1 in Stealth
   974 | D:2      | Reached XP level 4. HP: 27/31 MP: 4/4
  1644 | D:3      | Noticed Terence
  1679 | D:3      | Killed Terence
  2151 | D:3      | Reached XP level 5. HP: 36/36 MP: 5/5
  2190 | D:3      | Found a shadowy altar of Dithmenos.
  2190 | D:3      | Found a shattered altar of Ashenzari.
  2195 | D:3      | Found a glowing silver altar of Zin.
  2201 | D:3      | Became a worshipper of Dithmenos the Shadowed
  2291 | D:4      | Found a radiant altar of Vehumet.
  2291 | D:4      | Noticed a frost-covered statue
  2568 | D:4      | Noticed Duvessa
  2569 | D:4      | Noticed Dowan
  2573 | D:4      | Killed Dowan
  2575 | D:4      | Killed Duvessa
  2575 | D:4      | Reached XP level 6. HP: 15/43 MP: 5/7
  2808 | D:4      | Reached skill level 1 in Spellcasting
  2876 | D:4      | Reached skill level 1 in Invocations
  3286 | D:4      | Reached XP level 7. HP: 39/48 MP: 8/8
  3464 | D:5      | Entered Level 5 of the Dungeon
  3526 | D:5      | Noticed CanadianGator's ghost (novice OpFi)
  3621 | D:5      | Found a sacrificial altar of Ru.
  3888 | D:5      | Killed CanadianGator's ghost
  3888 | D:5      | Reached skill level 5 in Stealth
  3888 | D:5      | Reached skill level 5 in Shields
  3888 | D:5      | Reached XP level 8. HP: 29/54 MP: 10/10
  3920 | D:5      | Found a white marble altar of Elyvilon.
  3926 | D:5      | Reached * piety under Dithmenos
  3978 | D:5      | Found Eczuastruiqa's General Store.
  3982 | D:5      | Bought a potion of haste for 140 gold pieces
  3990 | D:5      | Found a staircase to the Ecumenical Temple.
  4287 | D:5      | Reached skill level 5 in Dodging
  5095 | D:6      | Gained mutation: Your mind is acute. (Int +2) [potion of mutation]
  5095 | D:6      | Gained mutation: You are partially covered in thin metallic scales. (AC +2) [potion of mutation]
  5095 | D:6      | Gained mutation: Your magical capacity is low. (-10% MP) [potion of mutation]
  5169 | D:6      | Reached ** piety under Dithmenos
  5393 | D:6      | Reached skill level 5 in Unarmed Combat
  5664 | D:6      | Reached XP level 9. HP: 56/59 MP: 11/11
  5768 | D:6      | Slain by a wyvern

Skill      XL: |  1  2  3  4  5  6  7  8 |
---------------+-------------------------+-----
Stealth        | 1 2 3 4 5 6 |  6.3
Unarmed Combat | 3 4 5 |  5.1
Shields        | 4 5 6 |  6.0
Spellcasting   | 1 2 |  2.6
Dodging        | 4 5 |  5.5
Invocations    | 1 2 |  2.7
Fighting       | 4 |  4.5

Action                   |  1- 3 |  4- 6 |  7- 9 || total
-------------------------+-------+-------+-------++-------
Melee: Unarmed           |    50 |    89 |   182 ||   321
       Tentacles         |     8 |    21 |    37 ||    66
       Constrict         |    16 |    24 |    41 ||    81
       Punch             |       |     3 |     6 ||     9
  Use: Scroll            |       |    10 |     6 ||    16
       Potion            |       |     2 |     6 ||     8
 Stab: Sleeping          |     5 |    10 |    16 ||    31
       Invisible         |       |       |     2 ||     2
  Eat: Chunk             |       |     2 |     4 ||     6
       Bread ration      |       |     1 |     1 ||     2
Armor: Skin              |       |     1 |     5 ||     6
Dodge: Dodged            |    12 |    38 |    90 ||   140
Block: Shield            |    18 |    31 |    62 ||   111
